[Event "FIDE World Cup O12-B 2024"]
[Site "Batumi"]
[Date "2024.06.28"]
[Round "6.1"]
[White "Qu, Haoming"]
[Black "Aadik Theophane Lenin"]
[Result "1-0"]
[ECO "B40"]
[WhiteElo "1877"]
[BlackElo "1852"]
[Annotator "NA RC"]
[PlyCount "79"]
[EventDate "2024.06.23"]
[EventType "swiss"]
[EventCountry "GEO"]
[SourceTitle "playchess.com"]
[Source "ChessBase"]
[SourceQuality "1"]
[TimeControl "5400+30"]

1. e4 c5 2. Nf3 e6 3. c3 Nf6 4. Bd3 d5 5. e5 Nfd7 6. Bc2 c4 7. d4 cxd3 8. Bxd3 Nc6 9. Qe2 Qc7 10. Bf4 Be7 ({Black should play} 10... f6 $11) 11. O-O h6 12. h3 g5 13. Bg3 h5 14. Re1 Nc5 15. Bc2 a5 16. Na3 Bd7 17. Nd4 (17. Nb5 $16 Qb6 18. Reb1) 17... Nxd4 18. cxd4 Na6 $14 19. Nb5 Bxb5 20. Qxb5+ Qd7 21. Qe2 Nb4 22. Bd1 a4 23. a3 Nc6 24. Qd3 Qc7 25. Re2 Qb6 26. Rd2 Kf8 27. Rb1 Na5 28. f4 Nc4 29. Rf2 gxf4 30. Bxf4 Ke8 31. Kh2 Qa7 32. Be2 Kd7 33. Rff1 f6 34. exf6 Bxf6 35. Qg6 Raf8 36. Bxc4 dxc4 37. Bh6 Qb8+ 38. Kh1 Qd8 39. Bxf8 Rxf8 40. Qe4 1-0

[Event "FIDE World Cup O12-B 2024"]
[Site "Batumi"]
[Date "2024.06.28"]
[Round "6.2"]
[White "Gabadadze, Gabriel"]
[Black "Garakhanov, Shamsi"]
[Result "1-0"]
[ECO "B51"]
[WhiteElo "1975"]
[BlackElo "1884"]
[Annotator "RC"]
[PlyCount "69"]
[EventDate "2024.06.23"]
[EventType "swiss"]
[EventCountry "GEO"]
[SourceTitle "playchess.com"]
[Source "ChessBase"]
[SourceQuality "1"]
[TimeControl "5400+30"]

1. e4 c5 2. Nf3 d6 3. Bb5+ Nd7 4. c3 a6 5. Bd3 Ngf6 6. Bc2 b5 7. d4 cxd4 8. cxd4 Bb7 9. Nbd2 g6 10. O-O Bg7 11. Re1 O-O 12. Nb3 e5 13. d5 a5 14. a4 b4 15. Bd3 Ne8 16. Bg5 f6 17. Bd2 h6 18. Nh4 g5 19. Nf5 Bc8 20. Qh5 Kh7 21. Bb5 Nb8 22. Qf3 Nc7 23. Bd3 Bxf5 24. Qxf5+ Kg8 25. Rac1 Kh8 26. Be3 Nd7 27. Rc6 Ne8 28. Rec1 Rg8 29. Ba6 Qe7 30. Bb5 Qd8 31. Nxa5 Rb8 32. Nb3 Rf8 33. Bd2 Nb6 34. Bxb4 Qe7 35. Ba5 1-0

[Event "FIDE World Cup O12-B 2024"]
[Site "Batumi"]
[Date "2024.06.28"]
[Round "6.3"]
[White "Batbaatar, Baatar"]
[Black "Ibrahimli, Suat"]
[Result "0-1"]
[ECO "B28"]
[WhiteElo "1724"]
[BlackElo "1852"]
[Annotator "NA RC"]
[PlyCount "36"]
[EventDate "2024.06.23"]
[EventType "swiss"]
[EventCountry "GEO"]
[SourceTitle "playchess.com"]
[Source "ChessBase"]
[SourceQuality "1"]
[TimeControl "5400+30"]

1. e4 c5 2. Nf3 a6 3. c4 Nc6 4. d4 cxd4 5. Nxd4 e5 6. Nf5 d5 7. cxd5 Bxf5 8. exf5 Nd4 9. Bd3 Nf6 10. Nc3 Be7 11. O-O O-O 12. f4 exf4 13. Rxf4 Bc5 14. Be3 Ne6 15. Bxc5 Nxf4 16. Bxf8 Qb6+ 17. Kh1 Qxb2 18. Na4 Qxg2# 0-1

[Event "FIDE World Cup O12-B 2024"]
[Site "Batumi"]
[Date "2024.06.28"]
[Round "6.4"]
[White "Martinez Flores, Matias"]
[Black "Minkhajdarov, Ruslan"]
[Result "1/2-1/2"]
[ECO "B43"]
[WhiteElo "2080"]
[BlackElo "1921"]
[Annotator "NA RC"]
[PlyCount "76"]
[EventDate "2024.06.23"]
[EventType "swiss"]
[EventCountry "GEO"]
[SourceTitle "playchess.com"]
[Source "ChessBase"]
[SourceQuality "1"]
[TimeControl "5400+30"]

1. e4 c5 2. Nf3 e6 3. d4 cxd4 4. Nxd4 Nc6 5. Nc3 Qc7 6. Be3 a6 7. f4 b5 8. Qf3 Bb7 9. Bd3 Nf6 10. g4 (10. O-O-O $142) 10... b4 11. Nce2 d5 12. e5 Ne4 13. Nxc6 Bxc6 14. O-O Nc5 15. Bd4 ({White should try} 15. Nd4 $16) 15... Be7 $14 16. f5 O-O-O 17. Qe3 Be8 18. c3 Nxd3 19. Qxd3 Bb5 20. Qe3 Kb7 21. cxb4 Bxb4 22. Rfc1 Qa5 23. Nc3 Rc8 24. a3 Be7 25. b4 Qd8 26. Nxb5 axb5 27. Rxc8 Qxc8 28. Rc1 Qd7 29. Ba7 Rc8 30. Qb6+ Ka8 31. Rxc8+ Qxc8 32. Qa5 Kb7 33. Bf2 Qc1+ 34. Kg2 Qc4 35. Qa7+ Kc8 36. Qxe7 Qxg4+ 37. Bg3 Qe2+ 38. Kh3 Qf1+ 1/2-1/2

[Event "FIDE World Cup O12-B 2024"]
[Site "Batumi"]
[Date "2024.06.28"]
[Round "6.5"]
[White "Zhang, Haoxuan(Zj)"]
[Black "Golikov, Ivan"]
[Result "1/2-1/2"]
[ECO "B22"]
[WhiteElo "1907"]
[BlackElo "1723"]
[Annotator "NA RC"]
[PlyCount "92"]
[EventDate "2024.06.23"]
[EventType "swiss"]
[EventCountry "GEO"]
[SourceTitle "playchess.com"]
[Source "ChessBase"]
[SourceQuality "1"]
[TimeControl "5400+30"]

1. e4 c5 2. Nf3 Nc6 3. c3 Nf6 4. e5 Nd5 5. d4 cxd4 6. cxd4 d6 7. Bc4 dxe5 8. dxe5 Ndb4 9. Qb3 {[%emt 0:08:38] 9.0-0 deserves study.} e6 {[%emt 0:00:07] B22: Sicilian: 2 c3.} 10. O-O Bd7 11. Qd1 Na5 12. Be2 Nd5 13. Bd2 Be7 14. Nc3 Nxc3 $146 ({Predecessor:} 14... O-O 15. Bd3 Bc6 16. Nd4 Nb4 17. Nxc6 Naxc6 18. Be4 Nxe5 19. a3 Nbc6 20. Qe2 Bf6 {1-0 Mammadov,Z (2417)-Agmanov,Z (2413) PNWCC Online Blitz JP 21 2021 (9)}) 15. Bxc3 Nc6 16. Qd2 O-O 17. Rfd1 Qb6 18. Qf4 Rad8 19. Ng5 Nb4 20. Bd4 Qa5 21. Ne4 $11 Bb5 22. Bxb5 Qxb5 23. Nd6 Qa6 24. Qf3 Nd5 25. Ne4 b6 26. a3 Qb5 27. Rac1 Rc8 28. h3 Rxc1 29. Rxc1 Qd7 30. Nf6+ Bxf6 31. exf6 g6 32. Be5 Rc8 33. Qd1 h6 34. h4 h5 35. Rc3 Rxc3 36. bxc3 Nxf6 37. Qf3 Ne8 38. Qf4 Kh7 39. Qg5 Qd5 40. Qf4 Kg8 41. Bd4 Qd6 42. Be5 Qf8 43. Qg5 Qc5 44. Qf4 Qf8 45. Qg5 Qc5 46. Qf4 Qf8 1/2-1/2

[Event "FIDE World Cup O12-B 2024"]
[Site "Batumi"]
[Date "2024.06.28"]
[Round "6.6"]
[White "Tatvidze, Davit"]
[Black "Ambartsumyan, Yuri"]
[Result "1-0"]
[ECO "E09"]
[WhiteElo "2000"]
[BlackElo "1750"]
[Annotator "NA RC"]
[PlyCount "109"]
[EventDate "2024.06.23"]
[EventType "swiss"]
[EventCountry "GEO"]
[SourceTitle "playchess.com"]
[Source "ChessBase"]
[SourceQuality "1"]
[TimeControl "5400+30"]

1. c4 c6 2. d4 d5 3. Nf3 Nf6 4. Qc2 e6 5. g3 Nbd7 6. Bg2 Be7 7. O-O O-O 8. Nbd2 b6 9. e4 dxe4 10. Nxe4 Bb7 11. Rd1 Nxe4 12. Qxe4 Nf6 13. Qe2 Qc7 14. Be3 {[%emt 0:22:27] E09: Closed Catalan: Main Line: 7 Qc2 c6 8 Nbd2.} (14. Bf4 $14 Bd6 15. Ne5) 14... Rfd8 15. Rac1 c5 16. Bf4 Bd6 17. Bg5 Be7 18. Qe5 Bd6 19. Qe3 cxd4 20. Nxd4 Bxg2 21. Bxf6 gxf6 22. Kxg2 Bc5 23. Qf3 f5 $11 24. b4 Bxd4 25. Rxd4 Rxd4 26. Qxa8+ Kg7 27. c5 Rxb4 28. c6 Rd4 29. Qb7 Rd7 30. Qa6 Rd6 31. Qb5 Rd5 32. Qb2+ f6 33. Qe2 Rd6 34. Qc4 Rd5 35. Qb4 a5 36. Qb3 Rd6 37. Qc3 Rd5 38. Qe3 Rd6 39. Qf4 e5 40. Qc4 Rd8 41. Qe6 Rd4 42. Qxf5 b5 43. h4 Rd6 44. Qg4+ Kh8 45. Qe4 Rd4 46. Qf3 Kg7 47. h5 Rd6 48. h6+ Kf8 49. Qg4 Rd8 50. Qe6 a4 51. Qxf6+ Kg8 52. Rc3 Rc8 53. Qe6+ Kh8 54. Rf3 Rd8 55. Rf7 1-0

[Event "FIDE World Cup O12-B 2024"]
[Site "Batumi"]
[Date "2024.06.28"]
[Round "6.7"]
[White "Kakavand, Ramtin"]
[Black "Diaz Guerrero, Jesus Daniel"]
[Result "0-1"]
[ECO "C77"]
[WhiteElo "2059"]
[BlackElo "2032"]
[Annotator "NA RC"]
[PlyCount "112"]
[EventDate "2024.06.23"]
[EventType "swiss"]
[EventCountry "GEO"]
[SourceTitle "playchess.com"]
[Source "ChessBase"]
[SourceQuality "1"]
[TimeControl "5400+30"]

1. e4 e5 2. Nf3 Nc6 3. Bb5 a6 4. Ba4 Nf6 5. d3 d6 6. c3 g6 7. O-O Bg7 8. Nbd2 O-O 9. Re1 Re8 {[%emt 0:02:36] C77: Ruy Lopez: 3...a6 4 Ba4 Nf6, unusual lines.} 10. h3 b5 11. Bc2 Bb7 12. a4 Nb8 13. d4 Nbd7 14. Bd3 c6 15. Qc2 Qc7 16. b3 Nh5 17. Bb2 Rac8 18. b4 Nb6 19. dxe5 Nxa4 20. exd6 Qxd6 21. e5 $15 Qd7 22. Ne4 c5 23. bxc5 Bxe4 24. Rxe4 Nxc5 25. Rd4 Qb7 26. Be4 Qb8 27. Ba3 Bxe5 28. Bxc5 Rxc5 29. Rxa6 Bxd4 30. Ra8 Bg7 31. Rxb8 Rxb8 32. Qd3 Rxc3 33. Qd6 Rf8 34. Qb6 Rb3 35. Bd5 Rb1+ 36. Kh2 Nf4 37. Be4 Rb2 38. g3 Ne2 39. h4 Nc3 40. Bd3 Nd1 41. Ng5 Nxf2 42. Bxb5 Ne4+ 43. Kh3 Nc3 44. Qa6 Rxb5 45. Qc6 Rf5 46. Qc4 h6 47. Ne4 Nxe4 48. Qxe4 Re5 49. Qc4 Re3 50. h5 gxh5 51. Qc5 Rfe8 52. Qxh5 R8e5 53. Qg4 Rg5 54. Qc8+ Kh7 55. Qc2+ Rg6 56. Kh4 Rexg3 0-1

[Event "FIDE World Cup O12-B 2024"]
[Site "Batumi"]
[Date "2024.06.28"]
[Round "6.8"]
[White "Yusupov, Rauf"]
[Black "Amreyev, Azat"]
[Result "1/2-1/2"]
[ECO "E92"]
[WhiteElo "1800"]
[BlackElo "1704"]
[Annotator "NA RC"]
[PlyCount "64"]
[EventDate "2024.06.23"]
[EventType "swiss"]
[EventCountry "GEO"]
[SourceTitle "playchess.com"]
[Source "ChessBase"]
[SourceQuality "1"]
[TimeControl "5400+30"]

1. d4 Nf6 2. Nf3 g6 3. c4 Bg7 4. Nc3 O-O 5. e4 d6 6. Be2 e5 7. dxe5 dxe5 8. Qxd8 Rxd8 9. Bg5 Re8 10. Bxf6 Bxf6 11. Nd5 Bd8 12. O-O-O Bg4 13. Ng1 Be6 14. Bd3 c6 15. Nc3 Na6 16. Nge2 Bb6 17. f3 Rad8 18. b3 Rd7 19. Bc2 Bd4 20. Kb1 Red8 21. h3 Bxc3 22. Nxc3 Rd2 23. Kc1 Rxd1+ 24. Rxd1 Rxd1+ 25. Bxd1 Nc7 26. Be2 h5 27. Nd1 Bc8 28. Nf2 Ne6 29. Nd3 Nf4 30. Nxf4 exf4 31. c5 Kg7 32. Kd2 Kf6 1/2-1/2

[Event "FIDE World Cup O12-B 2024"]
[Site "Batumi"]
[Date "2024.06.28"]
[Round "6.9"]
[White "Chia, Yu Zhe Ashton"]
[Black "Akhmet, Suleyman"]
[Result "0-1"]
[ECO "B30"]
[WhiteElo "2229"]
[BlackElo "1793"]
[Annotator "RC"]
[PlyCount "80"]
[EventDate "2024.06.23"]
[EventType "swiss"]
[EventCountry "GEO"]
[SourceTitle "playchess.com"]
[Source "ChessBase"]
[SourceQuality "1"]
[TimeControl "5400+30"]

1. e4 c5 2. Nf3 Nc6 3. Bb5 Nf6 4. Nc3 a6 5. Bxc6 dxc6 6. O-O Qc7 7. e5 Nd5 8. Ne4 Bg4 9. Nxc5 e6 10. Nd3 O-O-O 11. b3 Nb4 12. Nde1 g5 13. Bb2 Rg8 14. d4 h5 15. c4 Bxf3 16. Nxf3 g4 17. Nd2 c5 18. d5 exd5 19. cxd5 Nxd5 20. Qc2 Be7 21. Rad1 h4 22. Nc4 Qc6 23. Qe4 Kb8 24. Rd3 Nb4 25. Rxd8+ Bxd8 26. Qh7 h3 27. Ne3 Rg6 28. Qh8 Qc8 29. Rd1 Bc7 30. Qh7 Qe6 31. Qh8+ Ka7 32. Nc4 Qc6 33. Ne3 Nc2 34. Nd5 Nd4 35. Bxd4 Qxd5 36. Bxc5+ Qxc5 37. Qe8 Re6 38. Qxf7 Qxe5 39. f4 Qe3+ 40. Kh1 Qe1+ 0-1

[Event "FIDE World Cup O12-B 2024"]
[Site "Batumi"]
[Date "2024.06.28"]
[Round "6.10"]
[White "Suleymanov, Askhab"]
[Black "Khubuluri, Zaal"]
[Result "1-0"]
[ECO "B21"]
[WhiteElo "1630"]
[BlackElo "1501"]
[Annotator "NA RC"]
[PlyCount "67"]
[EventDate "2024.06.23"]
[EventType "swiss"]
[EventCountry "GEO"]
[SourceTitle "playchess.com"]
[Source "ChessBase"]
[SourceQuality "1"]
[TimeControl "5400+30"]

1. e4 c5 2. d4 cxd4 3. c3 dxc3 4. Nxc3 e6 5. Nf3 Nc6 6. Bc4 a6 7. O-O Nge7 8. Bg5 h6 9. Bh4 b5 10. Bxb5 g5 11. Bg3 Bg7 12. Bxc6 Nxc6 13. Bd6 Bf8 14. e5 Bxd6 15. Qxd6 Qe7 16. Qd3 g4 17. Nd4 Bb7 18. Nxc6 Bxc6 19. Ne4 Bxe4 20. Qxe4 Rb8 21. Qxg4 Rxb2 22. Rab1 Rb5 23. a4 Rxb1 24. Rxb1 Qd8 25. Qg7 Rf8 26. Qxh6 Qc7 27. Qg7 d6 28. exd6 Qxd6 29. Qc3 Kd7 30. Qf3 Ke7 31. Rb7+ Ke8 32. Ra7 Qb6 33. Qa8+ Qd8 34. Qc6+ 1-0

[Event "FIDE World Cup O12-B 2024"]
[Site "Batumi"]
[Date "2024.06.28"]
[Round "6.11"]
[White "Amangeldy, Ramazan"]
[Black "Atar, Semih Akif"]
[Result "1-0"]
[ECO "C10"]
[WhiteElo "1740"]
[BlackElo "1660"]
[Annotator "NA RC"]
[PlyCount "53"]
[EventDate "2024.06.23"]
[EventType "swiss"]
[EventCountry "GEO"]
[SourceTitle "playchess.com"]
[Source "ChessBase"]
[SourceQuality "1"]
[TimeControl "5400+30"]

1. e4 e6 2. d4 d5 3. Nc3 dxe4 4. Nxe4 Nf6 5. Nxf6+ gxf6 6. Nf3 Nc6 7. c3 b6 8. Bb5 Bb7 9. Bf4 a6 10. Ba4 Qd5 11. Bxc7 b5 12. Bb3 Qf5 13. Qe2 Rc8 14. Bg3 Ne7 15. Rd1 Nd5 16. a4 Bc6 17. axb5 axb5 18. Bc2 Qg4 19. Bd3 b4 20. h3 Qh5 21. c4 Nc7 22. d5 Ba4 23. Ra1 Bd7 24. Qe4 Bc5 25. d6 Qg6 26. dxc7 e5 27. Qd5 1-0

[Event "FIDE World Cup O12-B 2024"]
[Site "Batumi"]
[Date "2024.06.28"]
[Round "6.12"]
[White "Cronje, Johannes Christiaan"]
[Black "Pirtac, Alexandru"]
[Result "0-1"]
[ECO "A16"]
[WhiteElo "1504"]
[BlackElo "1977"]
[Annotator "RC"]
[PlyCount "70"]
[EventDate "2024.06.23"]
[EventType "swiss"]
[EventCountry "GEO"]
[SourceTitle "playchess.com"]
[Source "ChessBase"]
[SourceQuality "1"]
[TimeControl "5400+30"]

1. c4 Nf6 2. g3 g6 3. Bg2 Bg7 4. Nc3 d6 5. e3 O-O 6. Nge2 c6 7. O-O h5 8. h4 a5 9. d4 Na6 10. a3 e5 11. b4 exd4 12. exd4 axb4 13. axb4 d5 14. b5 Nc7 15. Rxa8 Nxa8 16. c5 Nc7 17. b6 Na6 18. Bf4 Bf5 19. Qd2 Kh7 20. Ra1 Qd7 21. Qb2 Ra8 22. Na2 Ne4 23. Nb4 Nexc5 24. Qc3 Ne4 25. Bxe4 dxe4 26. Nxa6 Rxa6 27. Rxa6 bxa6 28. Qb4 Qb7 29. Nc1 e3 30. fxe3 c5 31. dxc5 Qf3 32. Qd2 Be4 33. Qh2 Qd1+ 34. Kf2 Bc3 35. Qg1 Qf3# 0-1

[Event "FIDE World Cup O12-B 2024"]
[Site "Batumi"]
[Date "2024.06.28"]
[Round "6.12"]
[White "Cronje, Johannes Christiaan"]
[Black "Pirtac, Alexandru"]
[Result "*"]
[ECO "A16"]
[WhiteElo "1504"]
[BlackElo "1977"]
[Annotator "RC"]
[PlyCount "33"]
[EventDate "2024.06.23"]
[EventType "swiss"]
[EventCountry "GEO"]
[SourceTitle "playchess.com"]
[Source "ChessBase"]
[SourceQuality "1"]
[TimeControl "5400+30"]

1. c4 Nf6 2. g3 g6 3. Bg2 Bg7 4. Nc3 d6 5. e3 O-O 6. Nge2 c6 7. O-O h5 8. h4 a5 9. d4 Na6 10. a3 e5 11. b4 exd4 12. exd4 axb4 13. axb4 d5 14. b5 Nc7 15. Ra4 Ra7 16. Rxa7 Na8 17. Rxa8 *